 Dungeon Crawl Stone Soup version 0.29-a0-284-gf9362112df (webtiles) character file.

Game seed: 12067431862492462013

4212 spaghetti the Fighter (level 10, -1/138 HPs)
             Began as a Demonspawn Chaos Knight on Mar 20, 2022.
             Was a Follower of Qazlal.
             Slain by a meliai
             ... wielding a +0 broad axe
              (11 damage)
             ... on level 9 of the Dungeon.
             The game lasted 00:21:06 (11279 turns).

spaghetti the Fighter (Demonspawn Chaos Knight)    Turns: 11279, Time: 00:21:07

Health: -1/138     AC:  8    Str: 13 (14) XL:     10   Next: 9%
Magic:  0/23       EV: 15    Int: 14 (15) God:    Qazlal [*.....]
Gold:   267        SH:  6    Dex:  8 (10) Spells: 13/15 levels left

rFire   . . .      SeeInvis +   a - +3 falchion (venom) {long}
rCold   . . .      Faith    .   (no shield)
rNeg    . . .      Spirit   +   c - +3 leather armour
rPois   .          Reflect  .   s - +2 hat {SInv}
rElec   .          Harm     .   (no cloak)
rCorr   .          Rampage  .   (no gloves)
Will    .....                   (no boots)
Stlth   ..........              (no amulet)
HPRegen 0.33/turn               y - +4 ring of evasion
MPRegen 0.36/turn               n - ring of magical power

@: berserking, lethally poisoned (-1 -> -18), very quick
A: antennae 1, yellow scales 1, ignite blood 2, magic shield, magic
regeneration, large bone plates 1, clumsy 1, deformed body, deterioration 2,
dopey 1
a: Renounce Religion


You were on level 9 of the Dungeon.
You worshipped Qazlal.
Qazlal was aware of your devotion.
You visited 2 branches of the dungeon, and saw 10 of its levels.

You collected 492 gold pieces.
You spent 225 gold pieces at shops.


Innate Abilities, Weirdness & Mutations

You have a pair of small antennae on your head.
You are partially covered in yellow scales. (AC +2)
Your demonic aura often causes spilled blood to erupt in flames.
When hurt, damage is shared between your health and your magic reserves.
You regenerate magic rapidly.
You are partially covered in large bone plates. (SH +4)
You are clumsy. (Dex -2)
Armour fits poorly on your strangely shaped body.
Your body often deteriorates upon taking damage.
You are dopey. (Int -2)


   Skills:
 + Level 13.4 Fighting
 - Level 1.7 Armour
 - Level 0.8 Dodging
 - Level 2.6 Unarmed Combat
 - Level 3.0 Spellcasting
 - Level 4.0 Transmutations
 + Level 3.2 Invocations


You had 13 spell levels left.
You knew the following spells:

 Your Spells              Type           Power      Damage    Failure   Level
a - Wereblood             Tmut           13%        N/A       8%          2

Your spell library contained the following spells:

 Spells                   Type           Power      Damage    Failure   Level
 Beastly Appendage        Tmut           26%        N/A       5%          1
 Passwall                 Tmut/Erth      5%         N/A       19%         2
 Animate Skeleton         Necr           4%         N/A       26%         1
 Apportation              Tloc           4%         N/A       26%         1
 Pain                     Necr           8%         1d4       26%         1
 Sandblast                Erth           4%         2d4       26%         1
 Summon Small Mammal      Summ           8%         N/A       26%         1
 Spider Form              Tmut/Pois      7%         N/A       34%         3
 Static Discharge         Conj/Air       2%         N/A       38%         2
 Stone Arrow              Conj/Erth      4%         3d7       63%         3
 Vampiric Draining        Necr           2%         2d6       63%         3
 Dispel Undead            Necr           2%         3d7       95%         4
 Sticky Flame             Conj/Fire      2%         2d3       95%         4

Inventory:

Hand Weapons
 a - a +3 falchion of venom (weapon) {long}
   (You found it on level 4 of the Dungeon)
 b - a +3 hunting sling of freezing {sling}
   (You found it on level 3 of the Dungeon)
Missiles
 g - 264 stones (quivered) {throwing}
 j - a throwing net {=f!fthrowing}
 v - 6 poisoned darts {throwing}
 w - 5 boomerangs {throwing}
 G - a curare-tipped dart {=fthrowing}
Armour
 c - a +3 leather armour (worn)
 s - a +2 hat of see invisible (worn)
   (Xom gifted it to you on level 4 of the Dungeon)
Magical Staves
 t - a staff of poison {!astaff}
   (You found it on level 3 of the Dungeon)
Jewellery
 d - a ring of protection from cold
   (You found it on level 1 of the Dungeon)
 f - a ring of see invisible
   (You took it off a kobold on level 4 of the Dungeon)
 l - a ring of ice
   (You found it on level 1 of the Dungeon)
 n - a ring of magical power (right hand)
   (You took it off a kobold on level 1 of the Dungeon)
 y - a +4 ring of evasion (left hand)
   (You found it on level 4 of the Dungeon)
 E - a ring of resist corrosion
   (You took it off an orc priest on level 8 of the Dungeon)
Wands
 D - a wand of mindburst (10)
   (You found it on level 8 of the Dungeon)
Scrolls
 e - 2 scrolls of blinking {!r}
 i - 3 scrolls of fog
 k - 3 scrolls of vulnerability {!r!r}
 o - a scroll of enchant armour
 q - a scroll of teleportation {@r4}
 x - 4 scrolls of identify {@r1}
 F - a scroll of brand weapon
Potions
 h - a potion of curing {@q1}
 m - 2 potions of lignification {!q}
 r - a potion of resistance
 z - a potion of heal wounds {@q2}
 A - a potion of mutation {!q}
 B - a potion of attraction {unknown}
 C - 2 potions of cancellation
Miscellaneous
 u - a piece from Xom's chessboard (15/15)

Dungeon Overview and Level Annotations

Branches:
Dungeon (9/15)             Temple (1/1) D:7
   Lair: D:8-11         Orc: D:9-12

Altars:
Ashenzari
Cheibriados
Dithmenos
Fedhas
Gozag
Kikubaaqudgha
Nemelex Xobeh
Okawaru
Qazlal
Trog
Uskayaw
Vehumet
Wu Jian
Xom
Beogh

Shops:
D:6 !

Annotations:
D:7 exclusion: door

#### ############..#
#<........@yy.#
############..#
###########..#
...........y.###
###..........#
#######.#y###.#[../..
.....................
######(#.###.#.####.
#..........#.#


You could see 2 meliai.


Message History

The meliai buzzes angrily. x3
The meliai invokes the aid of its god against you.
Something smites you! 😕 HP[-8] MP[-2]
You take 8 damage, and now have 84/92 hp.
You lost 2 mp, and now have 21/23 mp.
There are monsters nearby!
There are monsters nearby! 😕 HP[+1]
The meliai mumbles some strange prayers to its god against you.
Something smites you! The meliai hits you with a +0 hand axe!
The meliai stings you. 😮 HP[-16] MP[-3]
You take 16 damage, and now have 69/92 hp.
You lost 3 mp, and now have 18/23 mp.
The meliai hits you with a +0 hand axe. You block the meliai's attack. 😮 HP[-2]
You take 2 damage, and now have 67/92 hp.
There are monsters nearby!
You hit the meliai.
The meliai is poisoned.
The meliai invokes the aid of its god against you.
Something smites you! The meliai hits you with a +0 hand axe.
The meliai barely misses you.
The meliai calls upon its god to heal the meliai.
The meliai's wounds heal themselves! 😮 HP[-11] MP[-3]
You take 11 damage, and now have 56/92 hp.
You lost 3 mp, and now have 15/23 mp.
You hit the meliai.
The meliai looks as sick as possible!
The meliai closely misses you. You block the meliai's attack.
The meliai hits you with a +0 hand axe!
* * * LOW HITPOINT WARNING * * *
Your body deteriorates!
You feel clumsy. The meliai barely misses you.
The meliai hits you with a +0 hand axe.
* * * LOW HITPOINT WARNING * * *
The meliai closely misses you. 😨 HP[-12] MP[-3]
You take 12 damage, and now have 44/92 hp.
You lost 3 mp, and now have 12/23 mp.
You barely miss the meliai. You block the meliai's attack. x2
The meliai mumbles some strange prayers to its god against you.
Something smites you!
* * * LOW HITPOINT WARNING * * *
Your body deteriorates!
You feel weakened. 😨 HP[-12] MP[-4]
You take 12 damage, and now have 32/92 hp.
You lost 4 mp, and now have 8/23 mp.
Unknown command.
You feel better.
You kill the meliai!
Qazlal accepts your kill.
The meliai mumbles some strange prayers to its god against you.
Something smites you!
* * * LOW HITPOINT WARNING * * *
Your body deteriorates!
You feel clumsy. The meliai barely misses you. You block the meliai's attack.
You feel your dexterity returning.
Your Invocations skill increases to level 3! 😨 HP[-2] MP[-2]
You take 2 damage, and now have 30/92 hp.
You lost 2 mp, and now have 6/23 mp.
Really quaff
p - a potion of berserk rage {!q}?
A red film seems to cover your vision as you go berserk!
You feel yourself moving faster!
You feel mighty!
The meliai hits you with a +0 broad axe!
* * * LOW HITPOINT WARNING * * *
The meliai barely misses you.
The meliai hits you with a +0 broad axe!
* * * LOW HITPOINT WARNING * * *
The meliai stings you but does no damage. 😱 HP[-6] MP[-3]
You now have 138 max hp (+46).
You lost 3 mp, and now have 3/23 mp.
You barely miss the meliai. The meliai barely misses you. x2
You block the meliai's attack. The meliai barely misses you.
You closely miss the meliai. The meliai misses you.
The meliai stings you but does no damage.
The meliai barely misses you. The meliai closely misses you. 😱 MP[+1]
You hit the meliai.
The meliai is poisoned.
The meliai hits you with a +0 broad axe.
* * * LOW HITPOINT WARNING * * *
The meliai stings you but does no damage.
The meliai hits you but does no damage. You block the meliai's attack. 😱 HP[-3]
You take 3 damage, and now have 21/138 hp.
You closely miss the meliai. You block the meliai's attack.
The meliai stings you!
* * * LOW HITPOINT WARNING * * *
You are lethally poisoned!
The meliai poisons you! 😱 HP[-6] MP[-1]
You take 6 damage, and now have 15/138 hp.
You lost 1 mp, and now have 3/23 mp.
You miss the meliai.
* * * LOW HITPOINT WARNING * * *
You feel very sick. The meliai barely misses you.
The meliai completely misses you.
The meliai hits you with a +0 broad axe!
You die...
Xom guffaws!

Skill      XL: |  1  2  3  4  5  6  7  8  9 10 |
---------------+-------------------------------+-----
Fighting       | 4 5 6 8 10 13 | 13.4
Transmutations | 2 4 |  4.0
Spellcasting   | 1 3 |  3.0
Invocations    | 2 3 |  3.2
Armour         | |  1.7
Dodging        | |  0.8
Unarmed Combat | |  2.6

Action                   |  1- 3 |  4- 6 |  7- 9 | 10-12 || total
-------------------------+-------+-------+-------+-------++-------
Melee: Unarmed           |   133 |       |       |       ||   133
       Dagger            |    21 |    85 |       |       ||   106
       Punch             |     2 |     2 |     7 |     2 ||    13
       Falchion          |       |    10 |   381 |    28 ||   419
 Fire: Hunting sling     |       |    19 |       |       ||    19
Throw: Stone             |    19 |     8 |    23 |     1 ||    51
 Cast: Wereblood         |       |       |     4 |       ||     4
Evoke: Piece from Xom's  |     1 |       |       |       ||     1
  Use: Scroll            |     7 |     3 |    11 |       ||    21
       Potion            |     1 |     5 |       |     2 ||     8
 Stab: Sleeping          |       |     3 |     2 |       ||     5
       Distracted        |       |       |     2 |       ||     2
Armor: Leather armour    |    45 |    54 |   150 |    12 ||   261
Dodge: Dodged            |    87 |    87 |   412 |    48 ||   634
Block: Other             |       |       |     2 |    28 ||    30

Levels and vault maps discovered:
D:1:      nzn_arrival_depleted_hourglass, layout_rooms,
          dreamdust_ecumenical_altar_grove
D:2:      layout_loops_corners
D:3:      layout_loops_corners, uniq_grinder
D:4:      layout_cave_pools, corner_web_ring
D:5:      layout_basic, nicolae_underground_beach, uniq_crazy_yiuf_cottage
D:6:      layout_rooms, serial_shops, shop, serial_bayou_lake_a
D:7:      layout_basic, minmay_temple_entry_nine_rooms, enter_bailey_3,
          lightli_church_of_beogh
D:8:      layout_loops_corners, mainiacjoe_overflow_concentric_impassable,
          special_room [special_room_orc]
D:9:      layout_basic, lair_entry_dummy, minmay_microvault, uniq_erica,
          uniq_prince_ribbit1, uniq_pikel
Temple:   grunt_wide_crystal_templ

Notes
Turn   | Place    | Note
-------+----------+-------------------------------------------
     0 | D:1      | spaghetti the Demonspawn Chaos Knight began the quest for
                  | the Orb.
     0 | D:1      | Reached XP level 1. HP: 18/18 MP: 1/1
     0 | D:1      | magus.rc [v1.9.6]
    82 | D:1      | XOM: potion effect (heal wounds)
   112 | D:1      | Gained mutation: Your demonic aura sometimes causes spilled
                  | blood to erupt in flames. [demonic ancestry]
   112 | D:1      | Reached XP level 2. HP: 8/24 MP: 2/2
   403 | D:1      | XOM: smoke on damage
   529 | D:1      | XOM: silly message
   553 | D:1      | XOM: silly message
   567 | D:1      | XOM: silly message
   916 | D:1      | HP: 6/25 [frozen (4)]
   918 | D:1      | Reached skill level 4 in Fighting
  1001 | D:1      | HP: 4/25 [kobold/+0 short sword (4)]
  1381 | D:2      | XOM: cloud trail
  1431 | D:2      | XOM: 2-stop teleportation journey
  1483 | D:2      | Gained mutation: You regenerate magic rapidly. [demonic
                  | ancestry]
  1483 | D:2      | Reached XP level 3. HP: 30/30 MP: 3/3
  1943 | D:2      | XOM: god gift: 43 gold pieces
  2217 | D:3      | You pick up a book of Cantrips and begin reading...
  2217 | D:3      | You add the spells Animate Skeleton, Summon Small Mammal
                  | and Apportation to your library.
  2233 | D:3      | XOM: potion effect (might)
  2246 | D:3      | Reached skill level 5 in Fighting
  2246 | D:3      | Reached XP level 4. HP: 16/39 MP: 4/4
  2583 | D:3      | XOM is BORED!
  2583 | D:3      | XOM: 2-stop teleportation journey
  2830 | D:3      | XOM: 5-stop teleportation journey
  2900 | D:3      | Gained mutation: You do not regenerate when monsters are
                  | visible. [potion of mutation]
  2900 | D:3      | Gained mutation: Your muscles are strong. (Str +2) [potion
                  | of mutation]
  2900 | D:3      | Gained mutation: Your skin changes colour to match your
                  | surroundings (Stealth+). [potion of mutation]
  2904 | D:3      | Lost mutation: Your muscles are strong. (Str +2) [potion of
                  | mutation]
  2904 | D:3      | Lost mutation: You do not regenerate when monsters are
                  | visible. [potion of mutation]
  2904 | D:3      | Gained mutation: Your mind is acute. (Int +2) [potion of
                  | mutation]
  3017 | D:3      | XOM: 2-stop teleportation journey
  3233 | D:3      | Noticed Grinder
  3242 | D:3      | XOM: butterfly on damage
  3243 | D:3      | XOM: confuse monster(s)
  3246 | D:3      | Killed Grinder
  3246 | D:3      | XOM: divine lightning
  3247 | D:3      | Reached skill level 6 in Fighting
  3247 | D:3      | Gained mutation: Your demonic aura often causes spilled
                  | blood to erupt in flames. [demonic ancestry]
  3247 | D:3      | Reached XP level 5. HP: 14/47 MP: 5/5
  3591 | D:3      | Reached XP level 6. HP: 39/53 MP: 6/6
  3621 | D:3      | XOM: scenery: 1 doors close
  3630 | D:4      | XOM: god gift: glowing hat {god gift}
  3805 | D:3      | Reached skill level 7 in Fighting
  3839 | D:4      | XOM: divination: magic mapping
  3878 | D:3      | XOM: summons 6 friendly demons
  4231 | D:4      | You pick up a book of Geomancy and begin reading...
  4231 | D:4      | You add the spells Sandblast, Passwall and Stone Arrow to
                  | your library.
  4251 | D:4      | Reached skill level 8 in Fighting
  4290 | D:4      | Reached XP level 7. HP: 62/62 MP: 7/7
  4315 | D:4      | You pick up a book of Changes and begin reading...
  4315 | D:4      | You add the spells Beastly Appendage, Wereblood and Spider
                  | Form to your library.
  4486 | D:4      | You pick up a book of Necromancy and begin reading...
  4486 | D:4      | You add the spells Pain and Vampiric Draining to your
                  | library.
  4490 | D:4      | Learned a level 2 spell: Wereblood
  4604 | D:4      | XOM: divination: magic mapping
  4673 | D:5      | Entered Level 5 of the Dungeon
  4770 | D:5      | XOM: god gift: scroll of teleportation
  4953 | D:5      | Reached skill level 1 in Transmutations
  5115 | D:5      | XOM: give mutations
  5115 | D:5      | Gained mutation: You are somewhat resistant to further
                  | mutation. [Xom's grace]
  5115 | D:5      | Gained mutation: Your spells are a little harder to cast,
                  | but a little more powerful. [Xom's grace]
  5126 | D:5      | Identified the amulet of the Pits of Slime {Spirit rPois
                  | rF+ Dex-2} (Xom gifted it to you on level 5 of the Dungeon)
  5126 | D:5      | XOM: god gift: amulet of the Pits of Slime {Spirit rPois
                  | rF+ Dex-2}
  5132 | D:5      | XOM: scenery: create altars
  5148 | D:5      | XOM: cloud trail
  5434 | D:5      | XOM: silly message
  5447 | D:5      | XOM: silly message
  5490 | D:5      | Reached skill level 2 in Transmutations
  5644 | D:5      | Reached skill level 1 in Spellcasting
  5895 | D:5      | XOM: silly message
  6194 | D:6      | Found Kotut's Distillery.
  6196 | D:6      | XOM: cast spell 'Summon Small Mammal'
  6209 | D:6      | Gained mutation: You have a pair of small antennae on your
                  | head. [demonic ancestry]
  6209 | D:6      | Reached XP level 8. HP: 63/70 MP: 10/10
  6223 | D:6      | Reached skill level 9 in Fighting
  6223 | D:6      | Reached skill level 2 in Spellcasting
  6228 | D:6      | Bought a potion of berserk rage for 75 gold pieces
  6228 | D:6      | Bought a potion of resistance for 150 gold pieces
  6366 | D:6      | XOM: divination: detect creatures
  6456 | D:6      | Noticed a cyclops
  6472 | D:6      | XOM: butterfly on damage
  6479 | D:6      | XOM: divination: detect items
  6480 | D:6      | XOM: potion effect (curing)
  6496 | D:5      | XOM: divination: detect creatures
  6717 | D:5      | Killed a cyclops
  6718 | D:5      | Reached skill level 3 in Spellcasting
  6718 | D:5      | Reached skill level 3 in Transmutations
  6726 | D:5      | Reached skill level 4 in Transmutations
  6840 | D:5      | XOM: silly message
  6911 | D:6      | Reached skill level 10 in Fighting
  7027 | D:6      | XOM: divination: detect items
  7069 | D:6      | Gained mutation: When hurt, damage is shared between your
                  | health and your magic reserves. [demonic ancestry]
  7069 | D:6      | Reached XP level 9. HP: 41/79 MP: 13/13
  7367 | D:6      | XOM: divination: magic mapping
  7452 | D:6      | XOM: potion effect (curing)
  7649 | D:6      | XOM: silly message
  7734 | D:7      | You pick up a book of Touch and begin reading...
  7734 | D:7      | You add the spells Static Discharge, Sticky Flame and
                  | Dispel Undead to your library.
  7757 | D:7      | Reached skill level 11 in Fighting
  7972 | D:7      | XOM: draining
  8017 | D:7      | Found a runed translucent door.
  8104 | D:7      | Found a staircase to the Ecumenical Temple.
  8111 | Temple   | Entered the Ecumenical Temple
  8123 | Temple   | Fell from the grace of Xom
  8123 | Temple   | Became a worshipper of Qazlal Stormbringer
  8420 | D:7      | XOM: give mutations
  8420 | D:7      | Gained mutation: You are agile. (Dex +2) [Xom's mischief]
  8420 | D:7      | Lost mutation: Your mind is acute. (Int +2) [Xom's
                  | mischief]
  8420 | D:7      | Lost mutation: You are agile. (Dex +2) [Xom's mischief]
  8544 | D:7      | XOM: enchant monster (bad)
  8585 | D:7      | HP: 18/79 [orc warrior/+0 glaive (13)]
  8598 | D:7      | HP: 12/79 [orc warrior/stone (3)]
  8614 | D:8      | XOM: give mutation
  8614 | D:8      | Lost mutation: Your skin changes colour to match your
                  | surroundings (Stealth+). [Xom's mischief]
  8932 | D:9      | Noticed a death knight
  8932 | D:9      | Noticed a freezing wraith
  9023 | D:8      | Found a radiant altar of Vehumet.
  9026 | D:8      | Noticed a two-headed ogre
  9076 | D:8      | Reached skill level 12 in Fighting
  9689 | D:8      | Killed a two-headed ogre
  9690 | D:8      | Reached skill level 13 in Fighting
  9820 | D:8      | HP: 20/84 [orc warrior/+0 scimitar (3)]
  9830 | D:8      | Reached skill level 1 in Invocations
 10100 | D:8      | Reached * piety under Qazlal
 10321 | D:8      | XOM: give mutations
 10321 | D:8      | Gained mutation: Your body sometimes deteriorates upon
                  | taking damage. [Xom's mischief]
 10321 | D:8      | Gained mutation: You are clumsy. (Dex -2) [Xom's mischief]
 10321 | D:8      | Lost mutation: Your spells are a little harder to cast, but
                  | a little more powerful. [Xom's mischief]
 10321 | D:8      | Gained mutation: You are partially covered in large bone
                  | plates. (SH +4) [Xom's mischief]
 10470 | D:8      | XOM: give mutations
 10470 | D:8      | Gained mutation: Your body often deteriorates upon taking
                  | damage. [Xom's mischief]
 10470 | D:8      | Lost mutation: You are somewhat resistant to further
                  | mutation. [Xom's mischief]
 10470 | D:8      | Gained mutation: Armour fits poorly on your strangely
                  | shaped body. [Xom's mischief]
 10470 | D:8      | Gained mutation: You are dopey. (Int -2) [Xom's mischief]
 10512 | D:8      | XOM: give mutations
 10512 | D:8      | Gained mutation: You are frail. (-10% HP) [Xom's mischief]
 10512 | D:8      | Lost mutation: You are frail. (-10% HP) [Xom's mischief]
 10514 | D:8      | Reached skill level 2 in Invocations
 10628 | D:8      | Gained mutation: You are partially covered in yellow
                  | scales. (AC +2) [demonic ancestry]
 10628 | D:8      | Reached XP level 10. HP: 50/92 MP: 12/14
 10742 | D:8      | XOM: stat loss: -1 Int (14/15)
 11274 | D:9      | Reached skill level 3 in Invocations
 11274 | D:9      | HP: 24/138 [meliai/+0 broad axe (11)]
 11279 | D:9      | HP: 10/138 [poisoned by a meliai]
 11279 | D:9      | Slain by a meliai

Vanquished Creatures
  A two-headed ogre (D:8)
  A cyclops (D:5)
  A meliai (D:9)
  2 water moccasins
  2 sky beasts
  5 orc warriors
  2 ice beasts
  An ogre (D:8)
  A centaur (D:6)
  A phantom (D:6)
  A kobold brigand (D:8)
  A gnoll sergeant (D:6)
  2 bullfrogs
  A necrophage (D:8)
  3 scorpions
  4 howler monkeys
  A jelly (D:4)
  A gnoll shaman (D:8)
  3 orc priests
  4 hounds
  5 iguanas
  5 orc wizards
  5 adders
  18 gnolls
  2 shadow imps
  2 white imps
  An ufetubus (D:6)
  A worm (D:4)
  A dart slug (D:3)
  51 orcs
  8 ball pythons
  4 endoplasms (D:1)
  2 giant cockroaches
  5 hobgoblins
  4 jackals
  9 kobolds
  3 quokkas
  A bat (D:3)
  2 frilled lizards
  15 goblins
  2 rats (D:2)
184 creatures vanquished.

Vanquished Creatures (collateral kills)
  A scorpion (D:3)
  A gnoll (D:3)
2 creatures vanquished.

Vanquished Creatures (others)
  Grinder (D:3)
  16 plants (D:6)
17 creatures vanquished.

Grand Total: 203 creatures vanquished

Table legend:
 A = Non-vault XP
 B = Vault XP
 C = Vault XP percentage of total XP
 D = Non-vault monster count
 E = Vault monster count
 F = Vault count percentage of total count
                 A         B        C        D         E       F
            +---------+---------+-------+---------+---------+-------
      Total |    4948 |    1070 |  17.8 |     139 |      48 |  25.7
            +---------+---------+-------+---------+---------+-------
        D:1 |      32 |       0 |   0.0 |      18 |       0 |   0.0
        D:2 |      29 |       0 |   0.0 |      11 |       0 |   0.0
        D:3 |     319 |     158 |  33.1 |      20 |       1 |   4.8
        D:4 |     287 |       0 |   0.0 |      21 |       0 |   0.0
        D:5 |    1248 |       0 |   0.0 |      24 |       0 |   0.0
        D:6 |     927 |       0 |   0.0 |      18 |       0 |   0.0
        D:7 |     420 |     421 |  50.1 |       7 |      21 |  75.0
        D:8 |    1403 |     491 |  25.9 |      19 |      26 |  57.8
        D:9 |     283 |       0 |   0.0 |       1 |       0 |   0.0
            +---------+---------+-------+---------+---------+-------

Illustrated notes

Table legend:
 A = Kills in this place as a percentage of kills in entire the game.
 B = Kills by you in this place as a percentage of kills by you in the entire game.
 C = Kills by friends in this place as a percentage of kills by friends in the entire game.
 D = Other kills in this place as a percentage of other kills in the entire game.
 E = Experience gained in this place as a percentage of experience gained in the entire game.
 F = Experience gained in this place divided by the number of levels of this place that you have seen.
                   A       B       C       D       E      F
               +-------+-------+-------+-------+-------+----------------------
         Total | 100.0 | 100.0 | 100.0 | 100.0 | 100.0 | 601.8
       Dungeon | 100.0 | 100.0 | 100.0 | 100.0 | 100.0 | 668.7
               +-------+-------+-------+-------+-------+----------------------

Table legend: (Time is in decaauts)
 A = Elapsed time spent in this place.
 B = Non-inter-level travel time spent in this place.
 C = Inter-level travel time spent in this place.
 D = Time resting spent in this place.
 E = Time spent auto-exploring this place.
 F = Levels seen in this place.
 G = Mean time per level.
                   A        B        C        D        E       F      G
               +--------+--------+--------+--------+--------+-----+--------+
         Total |  11425 |  11081 |    344 |   3402 |   5729 |  10 | 1142.5 |
       Dungeon |  11403 |  11068 |    335 |   3402 |   5728 |   9 | 1267.0 |
        Temple |     21 |     12 |      9 |      0 |      1 |   1 |   21.0 |
               +--------+--------+--------+--------+--------+-----+--------+

Top non-repeatable levels by time:
     D:5: 2082 daAuts
     D:8: 1925 daAuts
     D:3: 1722 daAuts
     D:7: 1453 daAuts
     D:1: 1327 daAuts
     D:6: 960 daAuts
     D:2: 858 daAuts
     D:4: 781 daAuts
     D:9: 292 daAuts
  Temple: 21 daAuts
